 Dungeon Crawl Stone Soup version 0.30.1-11-g7821555f0a (webtiles) character file.

Game seed: 14989019574403686795

275 Peloso the Slasher (level 6, -6/53 HPs)
             Began as a Minotaur Fighter on Nov 10, 2023.
             Mangled by Edmund
             ... wielding a +3 heavy dire flail
              (24 damage)
             ... on level 4 of the Dungeon.
             The game lasted 00:04:31 (2674 turns).

Peloso the Slasher (Minotaur Fighter)               Turns: 2674, Time: 00:04:32

Health: -6/53      AC:  8    Str: 20    XL:     6   Next: 3%
Magic:  5/5        EV:  9    Int:  5    God:
Gold:   126        SH:  5    Dex: 12    Spells: 5/5 levels left

rFire   . . .        a - +0 long sword
rCold   . . .        c - +0 buckler
rNeg    . . .        b - +0 scale mail
rPois   .            (helmet restricted)
rElec   .            (no cloak)
rCorr   .            (no gloves)
SInv    .            j - +0 pair of boots
Will    .....        (no amulet) Stlth
                     (no ring)
HPRegen 0.28/turn    (no ring)
MPRegen 0.09/turn

%: no passive effects
@: no status effects
A: horns 2, retaliatory headbutt
a: no special abilities


You were on level 4 of the Dungeon.
You visited 1 branch of the dungeon, and saw 4 of its levels.

You collected 126 gold pieces.

Inventory:

Hand Weapons
 a - a +0 long sword (weapon)
Armour
 b - a +0 scale mail (worn)
 c - a +0 buckler (worn)
 j - a +0 pair of boots (worn)
Jewellery
 v - a ring of protection from cold
Wands
 k - a wand of flame (11)
Scrolls
 f - a scroll of poison
 g - a scroll of enchant armour {unknown}
 m - 2 scrolls of immolation {unknown}
 o - a scroll of fog {unknown}
 p - a scroll of fear
 r - a scroll of identify
 u - a scroll of amnesia
Potions
 d - a potion of might
 e - 2 potions of curing
 h - a potion of resistance
 i - a potion of flight
 n - a potion of brilliance {unknown}
 q - a potion of ambrosia {unknown}
 s - 2 potions of attraction {unknown}
 t - a potion of lignification {unknown}


   Skills:
 + Level 4.6 Fighting
 + Level 5.3 Long Blades
 + Level 4.7 Armour
 + Level 1.2 Dodging
 + Level 0.7 Stealth
 + Level 4.4 Shields


You had 5 spell levels left.
You didn't know any spells.
Your spell library contained the following spells:

 Spells                   Type           Power      Damage    Failure   Level
 Apportation              Tloc           0%         N/A       87%         1
 Alistair's Intoxication  Tmut/Pois      0%         N/A       100%        5
 Iskenderun's Battlesphe  Conj           0%         2d6       100%        5
 Iron Shot                Conj/Erth      0%         9d1       100%        6
 Spellforged Servitor     Conj/Summ      0%         N/A       100%        7


Dungeon Overview and Level Annotations

Branches:
Dungeon (4/15)
 Temple: D:4-7

Altars:
Cheibriados
Elyvilon
Ru
Vehumet
Yredelemnul

Annotations:
D:4 Edmund


Innate Abilities, Weirdness & Mutations

You have a pair of horns on your head.
You reflexively headbutt those who attack you in melee.


Message History

Edmund says, "A flail is better than a scythe, any day of the week!"
You block Edmund's attack.
You hit Edmund.
Edmund is moderately wounded.
Edmund misses you.
You hit Edmund but do no damage.
Edmund is moderately wounded.
You barely miss Edmund.
Edmund is moderately wounded.
Edmund hits you with a +3 heavy dire flail.
You barely miss Edmund.
Edmund is moderately wounded.
Edmund hits you with a +3 heavy dire flail!
* * * LOW HITPOINT WARNING * * *
You hit Edmund.
Edmund is moderately wounded.
Edmund closely misses you.
You hit Edmund.
Edmund is moderately wounded.
You hit Edmund. Your headbutt misses Edmund.
Edmund is moderately wounded.
Edmund hits you with a +3 heavy dire flail!
* * * LOW HITPOINT WARNING * * *
Unknown command.
You feel better. Edmund barely misses you. You furiously retaliate!
You headbutt Edmund.
You feel better.
Edmund hits you with a +3 heavy dire flail!
* * * LOW HITPOINT WARNING * * *
Unknown command.
You feel better.
Unknown command.
You closely miss Edmund.
Edmund is heavily wounded.
Edmund closely misses you.
Unknown command.
You hit Edmund. You headbutt Edmund.
Edmund is severely wounded.
Edmund hits you with a +3 heavy dire flail!!
You die...

O#.# .#.# ###
.#.######### #.#
.#.........# #.#..
##.#.#####.#......
...#.#<)...#.#.#.#
####.......#.#.#.#
#.......#.#.#@#
##.######.#.#@# #.#
#.#.#.#.####
#.######...)........
#........#.#########
########.†.......#
###.#####.# #.# #.#
#..


You could see Edmund.

Vanquished Creatures
  An ogre (D:4)
  An iguana (D:4)
  An orc wizard (D:4)
  6 adders
  An adder zombie (D:3)
  2 worms
  3 dart slugs
  4 orcs
  3 ball pythons
  9 endoplasms
  2 giant cockroaches (D:1)
  9 goblins
  4 hobgoblins
  2 jackals (D:1)
  4 quokkas
  A ball python zombie (D:3)
  2 bats (D:1)
  2 frilled lizards
  6 kobolds
  2 quokka zombies (D:3)
  8 rats
73 creatures vanquished.

Notes
Turn   | Place    | Note
-------+----------+-------------------------------------------
     0 | D:1      | Peloso the Minotaur Fighter began the quest for the Orb.
     0 | D:1      | Reached XP level 1. HP: 19/19 MP: 0/0
    39 | D:1      | Found a faded altar of an unknown god.
   159 | D:1      | Reached XP level 2. HP: 27/27 MP: 1/1
   487 | D:1      | Reached XP level 3. HP: 32/33 MP: 2/2
   574 | D:1      | Reached skill level 3 in Long Blades
  1154 | D:2      | Found a radiant altar of Vehumet.
  1420 | D:2      | Reached XP level 4. HP: 40/40 MP: 3/3
  2104 | D:3      | Reached skill level 4 in Long Blades
  2121 | D:3      | Found a sacrificial altar of Ru.
  2122 | D:3      | Found a snail-covered altar of Cheibriados.
  2128 | D:3      | Found a white marble altar of Elyvilon.
  2163 | D:3      | Found a basalt altar of Yredelemnul.
  2308 | D:4      | Reached skill level 1 in Dodging
  2308 | D:4      | Reached XP level 5. HP: 45/47 MP: 4/4
  2432 | D:4      | Noticed an ogre
  2451 | D:4      | HP: 1/47 [orc priest/divine providence (13)]
  2638 | D:4      | Killed an ogre
  2639 | D:4      | Reached skill level 5 in Long Blades
  2639 | D:4      | Reached XP level 6. HP: 53/53 MP: 5/5
  2656 | D:4      | Noticed Edmund
  2674 | D:4      | Mangled by Edmund

Illustrated notes

Levels and vault maps discovered:
D:1:      lemuel_arrival_muddy, layout_basic,
          ebering_ecumenical_altar_petrified, minivault_5
D:2:      minmay_evil_eye, layout_loops_ring, basic_altar
D:3:      layout_basic, nicolae_yredelemnul_corpse_copse,
          gammafunk_temple_overflow_forgotten, kennysheep_generic_room_12
D:4:      layout_basic, minmay_temple_entry_antechambers, uniq_robin,
          uniq_edmund, uniq_sigmund

Skill      XL: |  1  2  3  4  5 |
---------------+----------------+-----
Fighting       | 4 |  4.6
Armour         | 4 |  4.7
Shields        | 4 |  4.4
Long Blades    | 3 4 5 |  5.3
Dodging        | 1 |  1.2
Stealth        | |  0.7

Action                     |  1- 3 |  4- 6 || total
---------------------------+-------+-------++-------
  Melee: Long sword        |   101 |    83 ||   184
         Headbutt          |    15 |    15 ||    30
  Evoke: Wand              |       |     2 ||     2
    Use: Potion            |     2 |     4 ||     6
         Scroll            |     1 |     6 ||     7
 Armour: Scale mail        |    45 |    25 ||    70
  Dodge: Dodged            |    34 |    25 ||    59
  Block: Buckler           |    20 |    21 ||    41
